 Dungeon Crawl Stone Soup version 0.30.1-9-gdf580d7c3d (webtiles) character file.

Game seed: 14919576989346281817

64 Amplified the Trooper (level 3, -5/34 HPs)
             Began as a Minotaur Fighter on Sept 27, 2023.
             Slain by a gnoll
             ... wielding a +0 halberd
              (8 damage)
             ... on level 2 of the Dungeon.
             The game lasted 00:01:04 (1204 turns).

Amplified the Trooper (Minotaur Fighter)            Turns: 1204, Time: 00:01:05

Health: -5/34      AC: 11    Str: 22    XL:     3   Next: 91%
Magic:  2/2        EV:  8    Int:  5    God:
Gold:   70         SH:  4    Dex:  9    Spells: 2/2 levels left

rFire   . . .        p - +0 hand axe (freeze)
rCold   . . .        c - +0 buckler
rNeg    . . .        o - +2 chain mail {Will+}
rPois   .            (helmet restricted)
rElec   .            (no cloak)
rCorr   .            (no gloves)
SInv    .            (no boots)
Will    +....        (no amulet) Stlth
                     (no ring)
HPRegen 0.25/turn    (no ring)
MPRegen 0.08/turn

%: no passive effects
@: no status effects
A: horns 2, retaliatory headbutt
a: no special abilities


You were on level 2 of the Dungeon.
You visited 1 branch of the dungeon, and saw 2 of its levels.

You collected 70 gold pieces.

Inventory:

Hand Weapons
 a - a +0 war axe
 p - a +0 hand axe of freezing (weapon)
Armour
 b - a +0 scale mail
 c - a +0 buckler (worn)
 o - a +2 chain mail of willpower (worn)
Scrolls
 e - a scroll of vulnerability
 g - a scroll of immolation
 h - a scroll of magic mapping {unknown}
 i - a scroll of identify
 j - a scroll of amnesia {unknown}
 k - a scroll of acquirement {unknown}
Potions
 d - a potion of might
 l - a potion of attraction
 m - a potion of cancellation
 n - a potion of berserk rage {unknown}


   Skills:
 * Level 4.3 Fighting
 * Level 3.3 Axes
 * Level 4.2 Armour
 * Level 4.2 Shields


You had 2 spell levels left.
You didn't know any spells.
Your spell library was empty.

Dungeon Overview and Level Annotations

Branches:
Dungeon (2/15)

Altars:


Innate Abilities, Weirdness & Mutations

You have a pair of horns on your head.
You reflexively headbutt those who attack you in melee.


Message History

The gnoll is moderately wounded.
You hit the gnoll but do no damage. The gnoll closely misses you.
Unknown command.
You barely miss the gnoll.
The gnoll is moderately wounded.
You closely miss the gnoll.
The gnoll hits you with a +0 halberd. x2
The gnoll hits you with a +0 halberd! The gnoll hits you but does no damage.
The gnoll hits you with a +0 halberd!
* * * LOW HITPOINT WARNING * * *
You are too injured to fight recklessly!
You are too injured to fight recklessly!
Unknown command.
As you read the scroll labelled SEMYNW XUNA, it crumbles to dust.
A profound silence engulfs you.
It was a scroll of silence.
The gnoll hits you but does no damage. The gnoll barely misses you. x2
Unknown command.
It was a potion of attraction.
You feel attractive to monsters. The gnoll hits you with a +0 halberd.
* * * LOW HITPOINT WARNING * * *
The gnoll hits you but does no damage. You block the gnoll's attack.
Unknown command.
Magic scrolls do not work when you're silenced!
Unknown command.
Magic scrolls do not work when you're silenced!
Unknown command.
It was a potion of cancellation.
Your magical effects are unravelling.
You feel magically purged.
Your hearing returns.
You block the gnoll's attack. x2; The gnoll hits you with a +0 halberd.
* * * LOW HITPOINT WARNING * * *
You feel less attractive to monsters.
Unknown command.
Okay, then.
As you read the scroll labelled UNASHECUQAI, it crumbles to dust.
It is a scroll of identify.
e - a scroll of vulnerability The gnoll hits you with a +0 halberd!
You die...

#... ..... #. ..<. ..... ##. .
<... .....#### #.. .. .g.
........###.# ...####+###.#
............# #..$......#
......†...### #......).#
########+##..#####
##........###..........>......
..........[..g@................
.............gg................
....?.........##...#...>.......
..............##...'...........
..............##...#.).........
.⌠............##...#...........
..#...[.......##...#...........
#...........##...#...........
#...........####.#...........


You could see 3 gnolls.

Vanquished Creatures
  A gnoll (D:2)
  3 adders (D:2)
  2 ball pythons (D:2)
  2 endoplasms (D:1)
  2 giant cockroaches
  3 hobgoblins
  A quokka (D:1)
  4 bats
  2 frilled lizards
  2 kobolds
  7 rats
29 creatures vanquished.

Notes
Turn   | Place    | Note
-------+----------+-------------------------------------------
     0 | D:1      | Amplified the Minotaur Fighter began the quest for the Orb.
     0 | D:1      | Reached XP level 1. HP: 19/19 MP: 0/0
   174 | D:1      | Reached XP level 2. HP: 27/27 MP: 1/1
  1031 | D:2      | Reached XP level 3. HP: 33/33 MP: 2/2
  1204 | D:2      | Slain by a gnoll

Illustrated notes

Levels and vault maps discovered:
D:1:      dpeg_arrival_tiny_b, layout_basic
D:2:      layout_basic, hellmonk_ecumenical_altar_run_dry,
          minmay_indecisive_spiral

Skill      XL: |  1  2 |
---------------+-------+-----
Fighting       | 4 |  4.3
Axes           | 3 |  3.3
Armour         | 4 |  4.2
Shields        | 4 |  4.2

Action                     || total
---------------------------++-------
  Melee: War axe           ||    43
         Headbutt          ||     7
         Hand axe          ||    20
    Use: Scroll            ||     3
         Potion            ||     2
 Armour: Scale mail        ||    17
         Chain mail        ||    24
  Dodge: Dodged            ||    29
  Block: Buckler           ||    12
